 Dungeon Crawl Stone Soup version 0.28.0-43-g3370ac3207 (webtiles) character file.

Game seed: 3388335593584744429

687 diana the Ducker (level 7, -6/53 HPs)
             Began as a Djinni Gladiator on Mar 20, 2022.
             Mangled by a killer bee (8 damage)
             ... on level 3 of the Dungeon.
             The game lasted 00:06:35 (4616 turns).

diana the Ducker (Djinni Gladiator)                 Turns: 4616, Time: 00:06:36

Health: -6/53      AC:  5    Str: 15    XL:     7   Next: 94%
Gold:   91         EV: 14    Int: 10    God:
                   SH:  0    Dex: 14

rFire   + + .      SeeInvis .     - Unarmed
rCold   x . .      Faith    .   (no shield)
rNeg    . . .      Spirit   .   a - +0 leather armour
rPois   ∞          Reflect  .   b - +0 helmet
rElec   .          Harm     .   (no cloak)
rCorr   .          Rampage  .   s - +0 pair of gloves
Will    +....                   (boots unavailable)
Stlth   +.........              (no amulet)
HPRegen 0.17/turn               l - +4 ring of slaying
MPRegen 0.00/turn               f - ring of willpower

@: flying
A: sickness immunity, fire resistance 2, cold vulnerability 1, float, innate
caster, HP casting, extra vitality 1
a: no special abilities


You were on level 3 of the Dungeon.
You visited 1 branch of the dungeon, and saw 4 of its levels.

You collected 91 gold pieces.

Inventory:

Missiles
 c - 3 throwing nets (quivered)
Armour
 a - a +0 leather armour (worn)
 b - a +0 helmet (worn)
 s - a +0 pair of gloves (worn)
Jewellery
 f - a ring of willpower (right hand)
 k - an amulet of faith
 l - a +4 ring of slaying (left hand)
Scrolls
 h - a scroll of magic mapping {unknown}
 j - a scroll of identify
 m - a scroll of enchant armour {unknown}
Potions
 d - 2 potions of lignification {unknown}
 g - 2 potions of flight {unknown}
 i - a potion of cancellation {unknown}
 n - 2 potions of ambrosia {unknown}
 o - a potion of haste {unknown}
 p - a potion of mutation {unknown}
 q - a potion of resistance {unknown}
 r - a potion of curing {unknown}


   Skills:
 + Level 4.4 Fighting
 - Level 1.5 Throwing
 + Level 3.8 Armour
 + Level 5.5 Dodging
 + Level 5.0 Unarmed Combat


You had one spell level left.
You knew the following spells:

 Your Spells              Type           Power      Damage    Failure   Level
a - Magic Dart            Conj           0%         1d3       43%         1
b - Scorch                Fire           0%         2d5       56%         2
c - Poisonous Vapours     Pois/Air       0%         N/A       56%         2
Your spell library was empty.

Dungeon Overview and Level Annotations

Branches:
Dungeon (4/15)
 Temple: D:4-7

Altars:
Trog


Innate Abilities, Weirdness & Mutations

You are immune to sickness and miasma.
You are immune to poison.
Your flesh is very heat resistant. (rF++)
You are vulnerable to cold. (rC-)
You float through the air rather than walking.
You learn spells naturally, not from books.
Your magical power is your life essence.
You have superior vitality. (+4 MHP)


Message History

The killer bee stings you but does no damage.
You punch the killer bee!
The killer bee is severely wounded.
The killer bee barely misses you.
You miss the killer bee.
The killer bee is severely wounded.
The killer bee misses you. The killer bee stings you.
You barely miss the killer bee.
The killer bee is severely wounded.
The killer bee closely misses you. The killer bee stings you.
You punch the killer bee!
You kill the killer bee!
The killer bee closely misses you.
You hit the killer bee. Your punch misses the killer bee.
The killer bee is lightly wounded.
The killer bee closely misses you. x2
You hit the killer bee.
The killer bee is heavily wounded.
The killer bee completely misses you. The killer bee misses you.
You hit the killer bee.
The killer bee is heavily wounded.
The killer bee stings you. The killer bee closely misses you.
You miss the killer bee.
The killer bee is heavily wounded.
The killer bee closely misses you. The killer bee stings you.
You miss the killer bee.
The killer bee is heavily wounded.
The killer bee stings you.
You hit the killer bee.
The killer bee is severely wounded.
The killer bee stings you. The killer bee stings you!
* * * LOW HITPOINT WARNING * * *
You punch the killer bee!
You kill the killer bee!
The killer bee stings you.
* * * LOW HITPOINT WARNING * * *
Your Unarmed Combat skill increases to level 5!
You barely miss the killer bee. Your punch misses the killer bee.
The killer bee stings you!
You die...

#....#.#.#.......#..############
#.##.#.#.#.#.#...#..# #
##.##.#.#.#.#.#.###..### #
...##...#..............# #
...#............#......# ####
...#.#..#.##..###......# #...
...#.#..#.........#..### #...
...#.#..###....####..# #...
...#.#.......>.y@....# #...
####.###.##....#####.# #...
#.#...##....##....# #######
###.#......#####.#### #......
##..........#####.# ######.#####
................#.# #......#
.......#.###....#'####......#
....................##......#
##..................##......#


You could see a killer bee.

Vanquished Creatures
  Grinder (D:3)
  A water moccasin (D:3)
  A black bear (D:4)
  2 killer bees (D:3)
  A water moccasin skeleton (D:3)
  2 wights (D:4)
  4 adders
  A dart slug (D:2)
  6 ball pythons
  2 endoplasms
  3 giant cockroaches
  6 goblins
  4 hobgoblins
  5 jackals (D:1)
  A bat (D:2)
  4 frilled lizards
  4 kobolds
  7 rats
55 creatures vanquished.

Vanquished Creatures (others)
  4 plants (D:2)
4 creatures vanquished.

Grand Total: 59 creatures vanquished

Notes
Turn   | Place    | Note
-------+----------+-------------------------------------------
     0 | D:1      | diana the Djinni Gladiator began the quest for the Orb.
     0 | D:1      | Reached XP level 1. HP: 18/18 MP: 0/0
   310 | D:1      | Reached XP level 2. HP: 23/23 MP: 0/0
   524 | D:1      | Reached XP level 3. HP: 23/29 MP: 0/0
   524 | D:1      | Learned a level 1 spell: Magic Dart
   622 | D:1      | Reached skill level 1 in Armour
  2324 | D:3      | Reached XP level 4. HP: 30/34 MP: 0/0
  2374 | D:3      | Reached XP level 5. HP: 30/40 MP: 0/0
  2374 | D:3      | Learned a level 2 spell: Scorch
  2623 | D:3      | Noticed a water moccasin
  2645 | D:3      | Killed a water moccasin
  2646 | D:3      | Reached XP level 6. HP: 16/46 MP: 0/0
  2879 | D:3      | Found a faded altar of an unknown god.
  3078 | D:3      | Found a faded altar of an unknown god.
  3082 | D:3      | Found a bloodstained altar of Trog.
  3356 | D:3      | Noticed Grinder
  3419 | D:3      | Paralysed by Grinder for 6 turns
  3518 | D:4      | Noticed a black bear
  3545 | D:4      | Noticed an ogre
  3705 | D:4      | Killed a black bear
  3868 | D:4      | Reached skill level 5 in Dodging
  3868 | D:4      | Reached XP level 7. HP: 11/51 MP: 0/0
  3868 | D:4      | Learned a level 2 spell: Poisonous Vapours
  4462 | D:3      | Killed Grinder
  4615 | D:3      | HP: 2/53 [killer bee (6)]
  4616 | D:3      | Reached skill level 5 in Unarmed Combat
  4616 | D:3      | Mangled by a killer bee

Illustrated notes

Levels and vault maps discovered:
D:1:      eino_arrival_water_cross, layout_loops_cross,
          kennysheep_pointless_box, nrook_mini_vaults, minmay_distorted
D:2:      layout_loops_ring, serial_forest, infiniplex_forest_lined_room_3,
          infiniplex_forest_corner_1, infiniplex_forest_pool,
          infiniplex_forest_clump_tiny, infiniplex_forest_lined_2
D:3:      layout_basic, nicolae_overflow_ecumenical_swirl,
          basic_ecumenical_altar, st_stairs_1, uniq_grinder
D:4:      layout_loops_ring

Skill      XL: |  1  2  3  4  5  6  7 |
---------------+----------------------+-----
Armour         | 1 2 3 |  3.8
Dodging        | 4 5 |  5.5
Fighting       | 3 4 |  4.4
Unarmed Combat | 4 5 |  5.0
Throwing       | |  1.5

Action                   |  1- 3 |  4- 6 |  7- 9 || total
-------------------------+-------+-------+-------++-------
Melee: Unarmed           |   126 |    66 |    36 ||   228
       Punch             |     4 |     3 |       ||     7
  Use: Scroll            |       |       |     2 ||     2
Armor: Leather armour    |    35 |    11 |     8 ||    54
Dodge: Dodged            |   105 |    44 |    44 ||   193
